 Dungeon Crawl Stone Soup version 0.22-a0-3-g4fa69d9 (webtiles) character file.

340 tidbits the Grave Robber (level 6, 0/44 HPs)
             Began as a Gnoll Necromancer on Jan 1, 2018.
             Was an Initiate of Cheibriados.
             Slain by Duvessa
             ... wielding a +0 rapier
              (3 damage)
             ... on level 6 of the Dungeon.
             The game lasted 00:11:41 (1047 turns).

tidbits the Grave Robber (Gnoll Necromancer)        Turns: 1047, Time: 00:11:42

Health: 0/44       AC:  2    Str: 24 (26) XL:     6   Next: 56%
Magic:  2/14       EV: 15    Int: 23 (24) God:    Cheibriados [......]
Gold:   38         SH:  0    Dex: 15 (16) Spells: 2/15 levels left

rFire    . . .     SeeInvis .   a - +2 hand axe (elec)
rCold    . . .     Gourm    .   (no shield)
rNeg     + . .     Faith    .   i - +0 robe
rPois    .         Spirit   .   (no helmet)
rElec    .         Reflect  .   (no cloak)
rCorr    .         Harm     .   (no gloves)
MR       .....     NoTele   +   (no boots)
Stlth    +.........             (no amulet)
HPRegen  0.14/turn              W - ring of wizardry
MPRegen  0.14/turn              o - ring "Zarewad" {-Tele rN+ Str+9 Int+4}

@: mighty, very slightly contaminated, glowing, very slow
A: distributed training, fangs 1, strong nose
a: Bend Time, Renounce Religion


You were on level 6 of the Dungeon.
You worshipped Cheibriados.
Cheibriados was noncommittal.
You were not hungry.

You visited 2 branches of the dungeon, and saw 8 of its levels.

You collected 104 gold pieces.
You spent 66 gold pieces at shops.

Inventory:

Hand Weapons
 a - a +2 hand axe of electrocution (weapon)
   (You found it on level 1 of the Dungeon)
 d - a +0 dagger
 m - a +0 hand crossbow
Armour
 i - a +0 robe (worn)
Jewellery
 f - a cursed ring of loudness {unknown}
   (You found it on level 7 of the Dungeon)
 o - the ring "Zarewad" (right hand) {-Tele rN+ Str+9 Int+4}
   (You found it on level 5 of the Dungeon)

   [ring of positive energy]

   It affects your strength (+9).
   It affects your intelligence (+4).
   It protects you from negative energy.
   It prevents most forms of teleportation.
 W - a ring of wizardry (left hand)
   (You found it on level 4 of the Dungeon)
Scrolls
 k - 2 scrolls of teleportation
 n - a scroll of enchant armour
 r - 3 scrolls of remove curse
Books
 b - a book of Necromancy

   Spells                             Type                      Level
   a - Pain                           Necromancy                   1
   b - Animate Skeleton               Necromancy                   1
   c - Vampiric Draining              Necromancy                   3
   d - Regeneration                   Charms/Necromancy            3
   e - Animate Dead                   Necromancy                   4
   f - Borgnjor's Vile Clutch         Necromancy/Earth             5
Comestibles
 c - 4 rations


   Skills:
 + Level 2.0 Fighting
 + Level 2.0 Short Blades
 + Level 2.0 Long Blades
 + Level 2.0 Axes
 + Level 2.0 Maces & Flails
 + Level 2.0 Polearms
 + Level 2.0 Staves
 + Level 2.0 Slings
 + Level 2.0 Bows
 + Level 2.0 Crossbows
 + Level 2.0 Throwing
 + Level 2.0 Armour
 + Level 5.0 Dodging
 + Level 4.6 Stealth
 + Level 2.0 Shields
 + Level 2.0 Unarmed Combat
 + Level 5.4 Spellcasting
 + Level 1.5 Conjurations
 + Level 1.5 Hexes
 + Level 1.5 Charms
 + Level 1.5 Summonings
 + Level 7.3 Necromancy
 + Level 1.5 Translocations
 + Level 1.5 Transmutations
 + Level 1.5 Fire Magic
 + Level 1.5 Ice Magic
 + Level 1.5 Air Magic
 + Level 1.5 Earth Magic
 + Level 1.5 Poison Magic
 + Level 2.2 Invocations
 + Level 2.0 Evocations


You had 2 spell levels left.
You knew the following spells:

 Your Spells              Type           Power        Failure   Level  Hunger
a - Pain                  Necr           ####         1%          1    None
d - Vampiric Draining     Necr           #####.....   1%          3    ##.....
n - Animate Skeleton      Necr           N/A          1%          1    None
r - Regeneration          Chrm/Necr      ####......   1%          3    ##.....
v - Borgnjor's Vile Clut  Necr/Erth      ####......   16%         5    #####..


Dungeon Overview and Level Annotations

Branches:
Dungeon (7/15)             Temple (1/1) D:5

Altars:
Cheibriados
Dithmenos
Fedhas
Gozag
Makhleb
Nemelex Xobeh
Okawaru
Sif Muna
Trog
Vehumet
Wu Jian
Yredelemnul
Zin
The Shining One

Shops:
D:5 *

Annotations:
D:6 Dowan, Duvessa


Innate Abilities, Weirdness & Mutations

Your experience applies equally to all skills.
You have very sharp teeth.
Your uncanny sense of smell can sniff out nearby items.


Message History

The helpless crimson imp fails to defend itself.
You slash the crimson imp!
Lightning courses through the crimson imp!
You kill the crimson imp!
Cheibriados appreciates the change of pace.
Your Fighting skill increases to level 2!
Your Short Blades skill increases to level 2!
Your Long Blades skill increases to level 2!
Your Axes skill increases to level 2!
Your Maces & Flails skill increases to level 2!
Your Polearms skill increases to level 2!
Your Staves skill increases to level 2!
Your Slings skill increases to level 2!
Your Bows skill increases to level 2!
Your Crossbows skill increases to level 2!
Your Throwing skill increases to level 2!
Your Armour skill increases to level 2!
Your Dodging skill increases to level 5!
Your Shields skill increases to level 2!
Your Unarmed Combat skill increases to level 2!
Your Evocations skill increases to level 2!
A bullfrog, Duvessa and Dowan come into view.
Dowan shouts!
The leopard gecko hisses angrily.
The leopard gecko closely misses you.
Dowan says, "Stay away from my face!"
Dowan casts a spell at you.
You are outlined in light.
The leopard gecko misses you.
Duvessa shouts!
Unknown command.
Unknown command.
You aren't carrying any items that you can evoke.
Unknown command.
Unknown command.
Unknown command.
You slash the leopard gecko!
You kill the leopard gecko!
Cheibriados appreciates the change of pace.
Dowan casts a spell.
Dowan blinks!
You barely miss Duvessa. Your bite misses Duvessa.
Your orc skeleton closely misses Dowan.
Duvessa barely misses you.
Dowan hits your orc skeleton but does no damage.
You hit Duvessa but do no damage. Your bite misses Duvessa.
Dowan hits your orc skeleton with a dagger.
Duvessa hits you with a rapier!
Your orc skeleton misses Dowan.
Dowan casts a spell at you.
The puff of frost hits your orc skeleton.
Your orc skeleton resists.
Unknown command.
You closely miss Duvessa. You bite Duvessa.
Duvessa is lightly wounded.
Duvessa hits you with a rapier!
Your orc skeleton misses Dowan.
Dowan hits your orc skeleton with a dagger.
Your orc skeleton is destroyed!
Duvessa hits you with a rapier!
* * * LOW HITPOINT WARNING * * *
Unknown command.
It was a potion of degeneration.
There was something very wrong with that liquid.
You feel weakened.
You feel dopey.
You feel clumsy.
Unknown command.
Casting: Animate Skeleton
Confirm with . or Enter, or press ? or * to list all spells.
Aiming: Borgnjor's Vile Clutch
Press: ? - help, Dir - move target cursor, f - you You miscast Borgnjor's Vile Clutch.
You are very lightly contaminated with residual magic.
Your feet feel warm.
Duvessa hits you with a rapier.
* * * LOW HITPOINT WARNING * * *
Dowan says, "Magic and the sword, together, will defeat you."
Dowan hits you with a dagger.
* * * LOW HITPOINT WARNING * * *
Okay, then.
Unknown command.
Okay, then.
As you read the scroll labeled XUNEPNUEGH, it crumbles to dust.
It is a scroll of enchant weapon.
Your +1 hand axe of electrocution glows red for a moment.
Duvessa closely misses you. Dowan hits you with a dagger.
* * * LOW HITPOINT WARNING * * *
Okay, then.
Unknown command.
As you read the scroll labeled OMICSO GUVO, it crumbles to dust.
The dust glows pale green!
It was a scroll of random uselessness.
Duvessa barely misses you.
Dowan gestures wildly while chanting.
Dowan blinks!
Okay, then.
Unknown command.
As you read the scroll labeled LEXZEOFUDU, it crumbles to dust.
You hear a loud clanging noise!
It was a scroll of noise.
You hear a croak.
You hear a shout! x5
Duvessa barely misses you.
Quiver which item? (- for none, * to show all) (? for menu, Esc to quit)
Okay, then.
You cannot teleport because you are wearing the ring "Zarewad" {-Tele rN+ Str+9 Int+4}.
Unknown command.
You feel very mighty all of a sudden. Duvessa hits you with a rapier.
You die...

#.###.....# #............#
......########............#
..........................+
..........................#
..........................#
......................#####
......................#
(............e..######## ##
..............()@e...... ..
................######## ##
...F....# ........# ∆
........# ∆ ........#
........# .......


You could see Duvessa, Dowan and a bullfrog.

Vanquished Creatures
  2 water moccasin zombies
  A crimson imp (D:6)
  2 hounds (D:5)
  Jessica (D:2)
  A worker ant (D:4)
  3 adders
  A leopard gecko (D:6)
  3 orcs
  3 giant cockroaches
  A goblin (D:2)
  A hobgoblin (D:1)
  3 jackals (D:1)
  2 kobolds
  A bat (D:1)
  3 frilled lizards
  A leopard gecko zombie (D:5)
29 creatures vanquished.

Vanquished Creatures (collateral kills)
  A howler monkey (D:5)
1 creature vanquished.

Grand Total: 30 creatures vanquished

Notes
Turn   | Place    | Note
-------+----------+-------------------------------------------
     0 | D:1      | tidbits the Gnoll Necromancer began the quest for the Orb.
     0 | D:1      | Reached XP level 1. HP: 13/13 MP: 6/6
    93 | D:2      | Reached XP level 2. HP: 8/20 MP: 3/7
   148 | D:2      | Learned a level 1 spell: Animate Skeleton
   232 | D:2      | Noticed Jessica
   232 | D:2      | HP: 2/20 [Jessica/enchanted club (3)]
   457 | D:2      | Reached XP level 3. HP: 11/25 MP: 7/9
   462 | D:2      | Learned a level 3 spell: Vampiric Draining
   466 | D:2      | Learned a level 3 spell: Regeneration
   492 | D:2      | Killed Jessica
   492 | D:2      | Reached skill level 5 in Spellcasting
   492 | D:2      | Reached skill level 1 in Invocations
   524 | D:4      | Reached skill level 1 in Fighting
   524 | D:4      | Reached skill level 1 in Short Blades
   524 | D:4      | Reached skill level 1 in Long Blades
   524 | D:4      | Reached skill level 1 in Axes
   524 | D:4      | Reached skill level 1 in Maces & Flails
   524 | D:4      | Reached skill level 1 in Polearms
   524 | D:4      | Reached skill level 1 in Staves
   524 | D:4      | Reached skill level 1 in Slings
   524 | D:4      | Reached skill level 1 in Bows
   524 | D:4      | Reached skill level 1 in Crossbows
   524 | D:4      | Reached skill level 1 in Throwing
   524 | D:4      | Reached skill level 1 in Armour
   524 | D:4      | Reached skill level 1 in Shields
   524 | D:4      | Reached skill level 1 in Unarmed Combat
   524 | D:4      | Reached skill level 1 in Evocations
   524 | D:4      | Reached XP level 4. HP: 23/32 MP: 1/11
   576 | D:5      | Entered Level 5 of the Dungeon
   604 | D:5      | Found a staircase to the Ecumenical Temple.
   613 | Temple   | Entered the Ecumenical Temple
   666 | Temple   | Became a worshipper of Cheibriados the Contemplative
   724 | D:5      | Reached skill level 1 in Conjurations
   724 | D:5      | Reached skill level 1 in Hexes
   724 | D:5      | Reached skill level 1 in Charms
   724 | D:5      | Reached skill level 1 in Summonings
   724 | D:5      | Reached skill level 1 in Translocations
   724 | D:5      | Reached skill level 1 in Transmutations
   724 | D:5      | Reached skill level 1 in Fire Magic
   724 | D:5      | Reached skill level 1 in Ice Magic
   724 | D:5      | Reached skill level 1 in Air Magic
   724 | D:5      | Reached skill level 1 in Earth Magic
   724 | D:5      | Reached skill level 1 in Poison Magic
   724 | D:5      | Reached XP level 5. HP: 24/37 MP: 8/12
   734 | D:5      | Learned a level 5 spell: Borgnjor's Vile Clutch
   752 | D:5      | Got a pitted jade ring
   753 | D:5      | Identified the ring "Zarewad" {-Tele rN+ Str+9 Int+4} (You found it on level 5 of the Dungeon)
   809 | D:5      | Found Eskuj's General Store.
   816 | D:5      | Bought a scroll of teleportation for 33 gold pieces
   920 | D:5      | Bought a scroll of remove curse for 33 gold pieces
   945 | D:6      | Reached skill level 2 in Invocations
   945 | D:6      | Reached XP level 6. HP: 8/44 MP: 7/13
  1023 | D:6      | Found a snail-covered altar of Cheibriados.
  1031 | D:6      | Reached skill level 2 in Fighting
  1031 | D:6      | Reached skill level 2 in Short Blades
  1031 | D:6      | Reached skill level 2 in Long Blades
  1031 | D:6      | Reached skill level 2 in Axes
  1031 | D:6      | Reached skill level 2 in Maces & Flails
  1031 | D:6      | Reached skill level 2 in Polearms
  1031 | D:6      | Reached skill level 2 in Staves
  1031 | D:6      | Reached skill level 2 in Slings
  1031 | D:6      | Reached skill level 2 in Bows
  1031 | D:6      | Reached skill level 2 in Crossbows
  1031 | D:6      | Reached skill level 2 in Throwing
  1031 | D:6      | Reached skill level 2 in Armour
  1031 | D:6      | Reached skill level 5 in Dodging
  1031 | D:6      | Reached skill level 2 in Shields
  1031 | D:6      | Reached skill level 2 in Unarmed Combat
  1031 | D:6      | Reached skill level 2 in Evocations
  1036 | D:6      | Noticed Duvessa
  1036 | D:6      | Noticed Dowan
  1043 | D:6      | HP: 3/44 [Dowan/dagger (6)]
  1047 | D:6      | Slain by Duvessa

Vault maps used:
D:1:      minmay_arrival_wavy_path, minmay_cupped
D:2:      uniq_robin, uniq_jessica, uniq_crazy_yiuf_cottage
D:3:      elyvilon_altar_1, first_ration, grunt_ministairs_1,
          nicolae_tso_swordbearing_angel, uniq_sigmund
D:4:      serial_shops, kennysheep_mini, minmay_a_box_with_orc_wizards_in_it
D:5:      lemuel_temple_firewalk_a, serial_shops, shop, uniq_menkaure,
          uniq_pikel
D:6:      minmay_opposing_rooms, cheibriados_altar_1, uniq_duvessa
D:7:      nicolae_ru_sacrificial_ziggurat, serial_corexii_hall,
          corexii_hall_statues_t, corexii_hall_statues_deadend, grunt_ogre_cave
Temple:   eino_temple_rhombus

Skill      XL: |  1  2  3  4  5  6 |
---------------+-------------------+-----
Spellcasting   | 5 |  5.4
Invocations    | 1 2 |  2.2
Fighting       | 1 2 |  2.0
Short Blades   | 1 2 |  2.0
Long Blades    | 1 2 |  2.0
Axes           | 1 2 |  2.0
Maces & Flails | 1 2 |  2.0
Polearms       | 1 2 |  2.0
Staves         | 1 2 |  2.0
Slings         | 1 2 |  2.0
Bows           | 1 2 |  2.0
Crossbows      | 1 2 |  2.0
Throwing       | 1 2 |  2.0
Armour         | 1 2 |  2.0
Shields        | 1 2 |  2.0
Unarmed Combat | 1 2 |  2.0
Evocations     | 1 2 |  2.0
Conjurations   | 1 |  1.5
Hexes          | 1 |  1.5
Charms         | 1 |  1.5
Summonings     | 1 |  1.5
Translocations | 1 |  1.5
Transmutations | 1 |  1.5
Fire Magic     | 1 |  1.5
Ice Magic      | 1 |  1.5
Air Magic      | 1 |  1.5
Earth Magic    | 1 |  1.5
Poison Magic   | 1 |  1.5
Dodging        | 5 |  5.0
Stealth        | |  4.6
Necromancy     | |  7.3

Action                   |  1- 3 |  4- 6 || total
-------------------------+-------+-------++-------
Melee: Hand axe          |       |    28 ||    28
       Bite              |       |     3 ||     3
       Dagger            |       |     1 ||     1
 Cast: Pain              |    28 |    11 ||    39
       Animate Skeleton  |     1 |     2 ||     3
       Regeneration      |     1 |     4 ||     5
       Vampiric Draining |     1 |     1 ||     2
       Borgnjor's Vile C |       |     3 ||     3
  Use: Potion            |     4 |     2 ||     6
       Scroll            |       |     5 ||     5
 Stab: Sleeping          |       |     3 ||     3
  Eat: Ration            |       |     1 ||     1
Armor: Robe              |     2 |     1 ||     3
Dodge: Dodged            |     4 |    24 ||    28

Table legend:
 A = Spawn XP
 B = Non-spawn XP
 C = Spawn XP percentage of total XP
 D = Spawn monster count
 E = Non-spawn monster count
 F = Spawn count percentage of total count
 G = Total turns spent on level
                    A         B        C        D         E        F      G
               +---------+---------+-------+---------+---------+-------+---------
         Total |       0 |     487 |   0.0 |       0 |      30 |   0.0 |  1047
               +---------+---------+-------+---------+---------+-------+---------
           D:1 |       0 |      17 |   0.0 |       0 |      10 |   0.0 |   372
           D:2 |       0 |      56 |   0.0 |       0 |       5 |   0.0 |   127
           D:4 |       0 |      51 |   0.0 |       0 |       4 |   0.0 |    72
           D:5 |       0 |     139 |   0.0 |       0 |       5 |   0.0 |   287
           D:6 |       0 |     143 |   0.0 |       0 |       5 |   0.0 |    87
           D:7 |       0 |      81 |   0.0 |       0 |       1 |   0.0 |    33
               +---------+---------+-------+---------+---------+-------+---------

Table legend:
 A = Turns spent in this place as a percentage of turns spent in the entire game.
 B = Non-inter-level travel turns spent in this place as a percentage of non-inter-level travel turns spent in the entire game.
 C = Inter-level travel turns spent in this place as a percentage of turns spent in this place.
 D = Turns resting spent in this place as a percentage of non-inter-level travel turns spent in this place.
 E = Turns spent auto-exploring this place as a percentage of non-inter-level travel turns spent in this place.
 F = Non-inter-level travel turns spent in this place divided by the number of levels of this place that you've seen.
                   A       B       C       D       E      F
               +-------+-------+-------+-------+-------+----------------------
         Total | 100.0 | 100.0 |   2.1 |   0.0 |   0.0 | 128.1
       Dungeon |  93.9 |  94.6 |   1.3 |   0.0 |   0.0 | 138.6
        Temple |   6.1 |   5.4 |  14.1 |   0.0 |   0.0 |  55.0
               +-------+-------+-------+-------+-------+----------------------

Table legend:
 A = Kills in this place as a percentage of kills in entire the game.
 B = Kills by you in this place as a percentage of kills by you in the entire game.
 C = Kills by friends in this place as a percentage of kills by friends in the entire game.
 D = Other kills in this place as a percentage of other kills in the entire game.
 E = Experience gained in this place as a percentage of experience gained in the entire game.
 F = Experience gained in this place divided by the number of levels of this place that you have seen.
                   A       B       C       D       E      F
               +-------+-------+-------+-------+-------+----------------------
         Total | 100.0 | 100.0 | 100.0 |   N/A | 100.0 |  60.9
       Dungeon | 100.0 | 100.0 | 100.0 |   N/A | 100.0 |  69.6
               +-------+-------+-------+-------+-------+----------------------

Vault maps used:
D:1:      minmay_arrival_wavy_path, minmay_cupped
D:2:      uniq_robin, uniq_jessica, uniq_crazy_yiuf_cottage
D:3:      elyvilon_altar_1, first_ration, grunt_ministairs_1,
          nicolae_tso_swordbearing_angel, uniq_sigmund
D:4:      serial_shops, kennysheep_mini, minmay_a_box_with_orc_wizards_in_it
D:5:      lemuel_temple_firewalk_a, serial_shops, shop, uniq_menkaure,
          uniq_pikel
D:6:      minmay_opposing_rooms, cheibriados_altar_1, uniq_duvessa
D:7:      nicolae_ru_sacrificial_ziggurat, serial_corexii_hall,
          corexii_hall_statues_t, corexii_hall_statues_deadend, grunt_ogre_cave
Temple:   eino_temple_rhombus
